 Dungeon Crawl Stone Soup version 0.30.1-4-g462c640d31 (webtiles) character file.

Game seed: 8836310405468360707

149361 LynnLen the Unseen (level 16, 0/88 HPs)
             Began as a Spriggan Enchanter on Aug 15, 2023.
             Was the Champion of Dithmenos.
             Drowned by a drowned soul (17 damage)
             ... summoned by a merfolk avatar
             ... on level 2 of the Shoals.
             The game lasted 02:38:55 (44875 turns).

LynnLen the Unseen (Spriggan Enchanter)            Turns: 44875, Time: 02:38:55

Health: 0/88       AC: 13    Str:  8    XL:     16   Next: 96%
Magic:  11/37      EV: 26    Int: 24    God:    Dithmenos [******]
Gold:   2958       SH:  5    Dex: 18    Spells: 9/47 levels left

rFire   . . .        a - +2 dagger (vamp)
rCold   . . .        (no shield)
rNeg    . . .        N - +0 acid dragon scales
rPois   .            G - +2 hat
rElec   .            R - +2 cloak
rCorr   +            (gloves unavailable)
SInv    +            (boots unavailable)
Will    ++...        z - amulet of reflection
Stlth   ++++++       U - ring of wizardry
HPRegen 0.34/turn    n - +6 ring of intelligence
MPRegen 0.25/turn

%: reflection, wizardry (x1)
@: mesmerised, wreathed by umbra, studying Unarmed Combat, slow
A: very small, no large weapons, unfitting armour, see invisible, speed 3
a: Renounce Religion, Shadow Step, Shadow Form


You were on level 2 of the Shoals.
You worshipped Dithmenos.
Dithmenos was exalted by your worship.
You visited 6 branches of the dungeon, and saw 26 of its levels.
You also visited: Gauntlet and Ice Cave.

You collected 3431 gold pieces.
You spent 473 gold pieces at shops.

Inventory:

Hand Weapons
 a - a +2 vampiric dagger (weapon)
 g - a +0 long sword of holy wrath
 W - a +3 long sword of electrocution
Missiles
 Z - 3 throwing nets
Armour
 t - +0 ice dragon scales
 G - a +2 hat (worn)
 N - +0 acid dragon scales (worn)
 R - a +2 cloak (worn)
 X - a +1 cloak of stealth
Jewellery
 c - a ring of poison resistance
 i - a ring of ice
 n - a +6 ring of intelligence (right hand)
 p - an amulet of regeneration
 q - a ring of magical power
 u - a ring of positive energy
 v - a ring of protection from cold
 x - a ring of flight
 z - an amulet of reflection (around neck)
 K - the ring "Boxixt" {Will+ SInv}
   (You found it on level 1 of the Elven Halls)

   [ring of willpower]

   SInv:      It lets you see invisible.
   Will:      It increases your willpower.
 M - a +5 ring of evasion
 O - an amulet of magic regeneration
 U - a ring of wizardry (left hand)
Wands
 b - a wand of paralysis (22)
 l - a wand of flame (14)
 r - a wand of light (10)
 s - a wand of iceblast (25)
 I - a wand of polymorph (7)
 P - a wand of digging (8)
Scrolls
 f - 4 scrolls of poison
 k - 18 scrolls of teleportation
 y - 4 scrolls of amnesia
 C - 7 scrolls of fog
 D - a scroll of brand weapon
 E - 2 scrolls of blinking
 L - 3 scrolls of magic mapping
 Q - a scroll of torment
 T - 7 scrolls of identify
Potions
 d - a potion of lignification
 e - 3 potions of might
 h - 2 potions of resistance
 j - a potion of invisibility
 m - 15 potions of curing
 o - 4 potions of attraction
 w - 3 potions of haste
 A - 6 potions of mutation
 B - 6 potions of flight
 F - a potion of brilliance
 J - a potion of berserk rage
 Y - a potion of ambrosia
Miscellaneous
 S - a phial of floods
 V - a box of beasts


   Skills:
 + Level 11.7 Fighting
 - Level 10.0 Short Blades
 * Level 6.5 Armour
 + Level 14.7 Dodging
 + Level 17.5 Stealth
 + Level 16.3 Spellcasting
 + Level 2.0 Conjurations
 * Level 11.8 Hexes
 - Level 5.0 Necromancy
 - Level 8.0 Transmutations
 - Level 3.0 Ice Magic
 + Level 6.6 Earth Magic


You had 9 spell levels left.
You knew the following spells:

 Your Spells              Type           Power      Damage    Failure   Level
a - Ensorcelled Hibernat  Hex/Ice        100%       N/A       1%          2
b - Confusing Touch       Hex            66%        N/A       1%          3
c - Tukima's Dance        Hex            66%        N/A       1%          3
d - Petrify               Tmut/Erth      53%        N/A       1%          4
e - Enfeeble              Hex            33%        N/A       12%         7
f - Cause Fear            Hex            33%        N/A       1%          4
g - Anguish               Hex/Necr       28%        N/A       1%          4
h - Iron Shot             Conj/Erth      20%        9d5       41%         6
i - Agony                 Necr           43%        N/A       6%          5

Your spell library contained the following spells:

 Spells                   Type           Power      Damage    Failure   Level
 Necrotise                Necr           100%       1d9       1%          1
 Slow                     Hex            100%       N/A       1%          1
 Summon Small Mammal      Summ           76%        N/A       1%          1
 Cigotuvi's Dreadful Rot  Necr/Pois/Air  54%        N/A       1%          2
 Sublimation of Blood     Necr           43%        N/A       1%          2
 Dazzling Flash           Conj/Hex       100%       N/A       1%          3
 Hailstorm                Conj/Ice       31%        3d8       1%          3
 Portal Projectile        Hex/Tloc       96%        N/A       1%          3
 Vampiric Draining        Necr           43%        2d9       1%          3
 Ice Form                 Ice/Tmut       46%        N/A       1%          4
 Leda's Liquefaction      Hex/Erth       29%        N/A       1%          4
 Blade Hands              Tmut           27%        N/A       1%          5
 Dispel Undead            Necr           43%        3d17      2%          4
 Animate Armour           Summ/Erth      70%        N/A       4%          4
 Call Canine Familiar     Summ           19%        N/A       5%          3
 Vhi's Electric Charge    Tloc/Air       38%        N/A       5%          3
 Irradiate                Conj/Tmut      21%        3d18      6%          5
 Summon Ice Beast         Ice/Summ       26%        N/A       10%         4
 Summon Lightning Spire   Summ/Air       19%        N/A       17%         4
 Iskenderun's Battlesphe  Conj           29%        2d8       21%         5
 Arcjolt                  Conj/Air       12%        1d22      32%         5
 Fireball                 Conj/Fire      12%        3d7       32%         5
 Death Channel            Necr           21%        N/A       32%         6
 Summon Forest            Summ/Tloc      9%         N/A       43%         5
 Simulacrum               Ice/Necr       19%        N/A       45%         6
 Conjure Ball Lightning   Conj/Air       12%        3x3d6     85%         6
 Plasma Beam              Fire/Air       9%         2x1d22    92%         6
 Orb of Destruction       Conj           14%        9d7       99%         7


Dungeon Overview and Level Annotations

Branches:
Dungeon (15/15)            Temple (1/1) D:5            Lair (5/5) D:8
 Shoals (2/4) Lair:3        Snake (0/4) Lair:3        Slime (0/5) Lair:5
    Orc (2/2) D:12            Elf (1/3) Orc:2        Vaults (0/5) D:14
 Depths (0/4) D:15          IceCv (visited)         Gauntlet (visited)

Altars:
Ashenzari
Cheibriados
Dithmenos
Elyvilon
Fedhas
Gozag
Hepliaklqana
Kikubaaqudgha
Makhleb
Nemelex Xobeh
Okawaru
Qazlal
Ru
Sif Muna
Trog
Uskayaw
Vehumet
Wu Jian
Xom
Yredelemnul
Zin
The Shining One

Shops:
D:3 =   Orc:2 (!!

Portals:
Trove: D:10 (give +6 demon blade)

Annotations:
Shoals:2 3 runed translucent doors, Wiggles's ghost, adept MiBe


Innate Abilities, Weirdness & Mutations

You are very small and have problems with some larger weapons.
You are too small for most types of armour.
You have supernaturally acute eyesight. (SInv)
You cover ground extremely quickly. (Speed+++)


Message History

Your shadow mimicks your spell!
The merfolk avatar resists with almost no effort.
The merfolk siren chants a haunting song.
You easily resist.
The merfolk avatar chants its luring song.
Aiming: Ensorcelled Hibernation (safe; 1% risk of failure)
Press: ? - help, Q - select action, (/) - cycle Shift-Dir - straight line, f/p - merfolk avatar
Aim: a merfolk avatar (water, mesmerising, umbra, chance to affect: 3%)
The merfolk avatar resists with almost no effort.
Your shadow mimicks your spell!
The merfolk avatar resists with almost no effort.
You block the drowned soul's attack.
The merfolk avatar chants its luring song.
The merfolk siren hits you from afar with a +0 spear.
Your unstable footing causes you to fumble your attack.
Okay, then.
Casting: Cause Fear (safe; 1% risk of failure)
Press: ? - help, Q - select action, (/) - cycle Dir - look around, f - activate The drowned soul is unaffected. x5; The merfolk siren looks frightened!
The merfolk avatar resists with almost no effort.
The drowned soul touches you. The drowned soul drowns you!
The merfolk avatar chants its luring song.
Casting: Cause Fear (safe; 1% risk of failure)
Press: ? - help, Q - select action, (/) - cycle Dir - look around, f - activate The drowned soul is unaffected. x4
The merfolk avatar resists with almost no effort.
The merfolk avatar chants its luring song.
The drowned soul touches you. The drowned soul drowns you!
You emit a cloud of dark smoke.
The drowned soul touches you. The drowned soul drowns you!
Casting: Cause Fear (safe; 1% risk of failure)
Press: ? - help, Q - select action, (/) - cycle Dir - look around, f - activate The drowned soul is unaffected. x2
The merfolk avatar resists with almost no effort.
The drowned soul touches you. The drowned soul drowns you!
* * * LOW HITPOINT WARNING * * *
You emit a cloud of dark smoke.
The drowned soul touches you.
* * * LOW HITPOINT WARNING * * *
The drowned soul drowns you!
You die...

~~≈≈≈≈≈≈≈≈≈≈≈≈≈
~P~~~~~~P~≈≈≈≈≈≈≈≈≈≈≈≈≈≈
~~~~~~P~~P~≈≈≈≈≈≈≈≈≈≈≈≈≈
P~~~.~~P~~~P~P≈≈≈≈≈≈≈≈≈≈
..~P.P.~~~~~~P~≈≈≈≈≈≈≈≈≈
PP.~~..P.P~~~~~~≈≈≈≈≈≈≈≈
.........~≈~~~P~§≈≈≈≈≈≈≈
.........~≈≈~P~§§§≈≈≈≈≈≈
.P....#.~~~..~§§@m≈≈≈m≈≈
#....##.≈~....~§§§≈≈≈≈≈≈
##...###~~....~~~~≈≈≈≈≈≈
##.........#...~~≈≈≈≈≈≈≈
P.......~~....~~~≈≈≈≈≈≈≈
.~~~.~...~~~~~~~≈≈≈≈≈≈≈≈
.P~~...#...~~~~~≈≈≈≈≈≈≈≈
~...^..#...~~~~≈≈≈≈≈≈≈≈≈
~~.###.....~~~≈≈≈≈≈≈≈≈≈


You could see a merfolk avatar (mesmerising) and a merfolk siren (fleeing).

Vanquished Creatures
  Rupert (Orc:2)
  A tengu reaver (D:13)
  Kirke (Shoals:1)
  An ironbound preserver (D:14)
  An orc warlord (Orc:2)
  2 deep elf demonologists (Elf:1)
  A minotaur (Gauntlet)
  A fire dragon (D:15)
  2 merfolk impalers
  A deep elf high priest (Elf:1)
  Harold (D:10)
  A hell beast (Gauntlet)
  7 hydras
  An ice dragon (D:15)
  2 boulder beetles
  9 centaur warriors
  4 ogre magi
  2 catoblepae
  A death knight (D:14)
  A satyr (Shoals:2)
  7 two-headed ogres
  A death yak (Lair:4)
  An orc high priest (Orc:1)
  The ghost of spardeous the Placeless Demigod, a novice DgCj (D:10)
  2 deep elf knights (Elf:1)
  7 skeletal warriors (D:15)
  7 skysharks
  The ghost of JagOfTroy the Magician, a novice GnFE of Okawaru (D:7)
  7 sea snakes
  A deep elf archer (Elf:1)
  A wizard (D:13)
  5 harpies (Shoals:1)
  3 orc knights
  7 deep elf pyromancers
  3 deep elf zephyrmancers (Elf:1)
  2 oklob plants
  23 ugly things
  A wolf spider (D:13)
  6 fauns
  An orc sorcerer (Orc:2)
  10 cyclopes
  10 manticores
  Joseph (Lair:1)
  3 ice statues (IceCv)
  3 water nymphs (Shoals:2)
  4 black mambas
  6 merfolk sirens
  16 elephants
  A torpor snail (Lair:5)
  17 cane toads
  An unseen horror (D:13)
  2 gargoyles
  14 komodo dragons
  A komodo dragon (shapeshifter) (D:14)
  7 rime drakes
  Maggie (Lair:2)
  2 kobold demonologists
  A tengu conjurer (D:13)
  An anaconda simulacrum (IceCv)
  The ghost of Zeor the Skirmisher, a novice DEHu (D:5)
  9 merfolk
  3 meliai
  7 trolls
  2 tyrant leeches (Lair:5)
  4 hornets
  A polar bear (Lair:1)
  4 dream sheep (Shoals:1)
  4 wind drakes
  21 blink frogs
  8 snapping turtles
  5 slime creatures
  3 dancing weapons
  66 yaks
  4 wraiths
  An air elemental (Elf:1)
  3 shadows
  A dire elephant simulacrum (IceCv)
  3 wyverns
  7 basilisks
  6 water elementals
  A steam dragon (D:8)
  A death yak simulacrum (IceCv)
  21 vampire mosquitoes
  5 wargs
  A naga (Lair:3)
  3 swamp worms (Gauntlet)
  An acid dragon (D:10)
  18 water moccasins
  A black bear (D:4)
  10 orc warriors
  A swamp drake (D:8)
  13 ogres
  15 wolves
  2 boggarts
  7 centaurs
  A phantom (D:7)
  A kobold brigand (D:9)
  18 bullfrogs
  A scorpion (D:6)
  3 earth elementals
  6 wights
  An elephant simulacrum (IceCv)
  2 howler monkeys (D:9)
  12 electric eels
  5 hounds
  A jelly (D:4)
  3 gnoll boudas
  10 orc priests
  3 iguanas
  15 orc wizards
  A sleepcap (D:6)
  2 wolf simulacra (IceCv)
  A polar bear simulacrum (IceCv)
  10 gnolls
  5 adders
  2 white imps (D:7)
  2 ufetubi
  A worm (D:2)
  3 dart slugs
  40 orcs
  A ball python (D:2)
  12 endoplasms
  4 giant cockroaches
  10 goblins
  6 hobgoblins
  4 jackals
  2 quokkas
  4 bats
  4 frilled lizards
  9 kobolds
  4 rats
701 creatures vanquished.

Vanquished Creatures (collateral kills)
  11 two-headed ogres
  A faun (Shoals:1)
  A merfolk siren (Shoals:1)
  A merfolk (Shoals:2)
  A naga (Lair:3)
  7 orc warriors
  14 ogres
  4 wights
  An orc priest (D:12)
  An orc wizard (Orc:1)
  9 gnolls
  A white imp (D:6)
  16 orcs
68 creatures vanquished.

Vanquished Creatures (others)
  2 deep elf archers (Elf:1)
  4 humans (Shoals:1)
  24 dancing weapons
  An ogre (Orc:2)
  A centaur (Lair:3)
  An orc wizard (D:12)
  A gnoll (D:8)
34 creatures vanquished.

Grand Total: 803 creatures vanquished

Notes
Turn   | Place    | Note
-------+----------+-------------------------------------------
     0 | D:1      | LynnLen the Spriggan Enchanter began the quest for the Orb.
     0 | D:1      | Reached XP level 1. HP: 9/9 MP: 5/5
   404 | D:1      | Reached XP level 2. HP: 10/13 MP: 6/6
  1128 | D:1      | Learned a level 2 spell: Ensorcelled Hibernation
  1496 | D:2      | Reached XP level 3. HP: 13/17 MP: 8/8
  2195 | D:3      | Reached XP level 4. HP: 21/21 MP: 9/9
  2557 | D:3      | Found Muamaahala's Jewellery Shoppe.
  2590 | D:3      | Reached skill level 1 in Fighting
  2600 | D:3      | Reached skill level 5 in Stealth
  3018 | D:4      | Reached XP level 5. HP: 25/25 MP: 5/10
  3254 | D:4      | Noticed a black bear
  3263 | D:4      | Killed a black bear
  3264 | D:4      | Reached skill level 5 in Hexes
  3276 | D:4      | Learned a level 3 spell: Confusing Touch
  3280 | D:4      | Learned a level 3 spell: Tukima's Dance
  3472 | D:4      | Reached XP level 6. HP: 30/30 MP: 12/12
  3704 | D:5      | Entered Level 5 of the Dungeon
  3805 | D:5      | Noticed a water moccasin
  3833 | D:5      | Killed a water moccasin
  4206 | D:5      | Found a staircase to the Ecumenical Temple.
  4257 | D:5      | Noticed Zeor's ghost (novice DEHu)
  4261 | D:5      | Found a runed translucent door.
  4773 | Temple   | Entered the Ecumenical Temple
  4773 | Temple   | Noticed an orange demon
  4773 | Temple   | Noticed an Executioner
  4774 | Temple   | Noticed Xuado the pandemonium lord
  4774 | Temple   | Noticed an ice devil
  4774 | Temple   | Noticed Ifet the pandemonium lord
  4775 | Temple   | Noticed a neqoxec
  4775 | Temple   | Noticed a balrug
  4775 | Temple   | Noticed a chaos spawn
  4776 | Temple   | Noticed a chaos spawn
  4806 | Temple   | Noticed Heypnise the pandemonium lord
  4806 | Temple   | Noticed Ybeadd the pandemonium lord
  4807 | Temple   | Noticed a soul eater
  4807 | Temple   | Noticed a cacodemon
  4844 | Temple   | Noticed an Executioner
  4846 | Temple   | Noticed Yxeoby the pandemonium lord
  4850 | Temple   | Became a worshipper of Dithmenos the Shadowed
  4891 | Temple   | Noticed Zokeromiwe the pandemonium lord
  5259 | D:6      | Reached XP level 7. HP: 35/35 MP: 7/13
  5837 | D:5      | Reached skill level 6 in Stealth
  6387 | D:6      | Reached skill level 5 in Short Blades
  6616 | D:7      | Reached XP level 8. HP: 39/39 MP: 15/15
  6694 | D:7      | Reached skill level 5 in Dodging
  7156 | D:7      | Reached * piety under Dithmenos
  7157 | D:7      | Reached skill level 7 in Stealth
  7157 | D:7      | Reached skill level 5 in Spellcasting
  7626 | D:8      | Noticed JagOfTroy's ghost (novice GnFE)
  7626 | D:8      | Found a runed translucent door.
  7663 | D:7      | Killed JagOfTroy's ghost
  7664 | D:7      | Reached XP level 9. HP: 21/44 MP: 14/18
  7826 | D:8      | Noticed a komodo dragon
  7835 | D:8      | Killed a komodo dragon
  7836 | D:8      | Reached skill level 8 in Stealth
  7934 | D:8      | Reached skill level 1 in Ice Magic
  8110 | D:8      | Found a staircase to the Lair.
  8453 | D:8      | Reached skill level 9 in Stealth
  8860 | D:8      | Found a sacrificial altar of Ru.
  8878 | D:8      | Reached XP level 10. HP: 41/50 MP: 17/21
  9045 | D:9      | Reached ** piety under Dithmenos
  9207 | D:9      | Noticed a manticore
  9210 | D:9      | Killed a manticore
  9252 | D:9      | Reached skill level 10 in Stealth
  9753 | D:10     | Entered Level 10 of the Dungeon
  9759 | D:10     | Reached skill level 5 in Fighting
  9903 | D:10     | Noticed a gargoyle
 10033 | D:10     | Found a portal to a secret trove of treasure.
 10121 | D:10     | Noticed a two-headed ogre
 10155 | D:10     | Killed a gargoyle
 10174 | D:10     | Killed a two-headed ogre
 10175 | D:10     | Reached skill level 10 in Short Blades
 10175 | D:10     | Reached XP level 11. HP: 36/56 MP: 11/24
 10199 | D:10     | Learned a level 4 spell: Petrify
 10285 | D:10     | Noticed Harold
 10329 | D:10     | Killed Harold
 10330 | D:10     | Reached skill level 1 in Transmutations
 10592 | D:10     | Found a large runed translucent door.
 10592 | D:10     | Found a large runed translucent door.
 10594 | D:10     | Noticed spardeous's ghost (novice DgCj)
 10612 | D:10     | Reached skill level 1 in Earth Magic
 10771 | D:11     | Reached skill level 11 in Stealth
 10918 | D:11     | Found a frozen archway.
 10956 | D:11     | Reached *** piety under Dithmenos
 11008 | IceCv    | Entered an ice cave
 11170 | IceCv    | Noticed a white ugly thing
 11230 | IceCv    | Killed a purple ugly thing
 11386 | IceCv    | Identified a scroll of acquirement
 11386 | IceCv    | Acquired 785 gold pieces
 11497 | IceCv    | Noticed a white ugly thing
 11557 | IceCv    | Killed a white ugly thing
 11939 | D:11     | Learned a level 7 spell: Enfeeble
 12484 | D:12     | Noticed a cyan ugly thing
 12514 | D:12     | Noticed a two-headed ogre
 12539 | D:12     | Killed a two-headed ogre
 12540 | D:12     | Reached skill level 12 in Stealth
 12755 | D:12     | Killed a cyan ugly thing
 12809 | D:12     | Reached skill level 10 in Dodging
 12980 | D:12     | Noticed a deep elf pyromancer
 12983 | D:12     | Killed a deep elf pyromancer
 12984 | D:12     | Reached XP level 12. HP: 62/62 MP: 26/26
 13030 | D:12     | Reached skill level 5 in Transmutations
 13170 | D:12     | Reached skill level 10 in Spellcasting
 13609 | D:12     | Reached **** piety under Dithmenos
 13755 | D:12     | Learned a level 4 spell: Cause Fear
 13835 | D:12     | Identified the +10 quarterstaff "Axudghupo" {speed, Str+4}
 14077 | D:12     | Found a staircase to the Orcish Mines.
 14187 | Orc:1    | Entered Level 1 of the Orcish Mines
 14691 | Orc:2    | Entered Level 2 of the Orcish Mines
 14695 | Orc:2    | Found a staircase to the Elven Halls.
 15230 | Orc:1    | Noticed an orc high priest
 16066 | Lair:1   | Entered Level 1 of the Lair of Beasts
 16103 | Lair:1   | Noticed a catoblepas
 16338 | Lair:1   | Reached skill level 13 in Stealth
 16627 | Lair:1   | Noticed Joseph
 16631 | Lair:1   | Reached ***** piety under Dithmenos
 16688 | Lair:1   | Killed Joseph
 16826 | Lair:1   | Reached skill level 1 in Armour
 17218 | Lair:1   | Killed a catoblepas
 17348 | Lair:2   | Noticed Maggie
 17438 | Lair:2   | Killed Maggie
 17581 | Lair:2   | Reached XP level 13. HP: 68/68 MP: 29/29
 17916 | Lair:2   | Found the +8 orange crystal plate armour {Archmagi, Int+3
                  | Clar}
 18713 | Lair:3   | Reached skill level 5 in Earth Magic
 18742 | Lair:3   | Found a staircase to the Shoals.
 18937 | Lair:3   | Reached ****** piety under Dithmenos
 18954 | Lair:3   | Learned a level 4 spell: Anguish
 19243 | Lair:3   | Found a staircase to the Snake Pit.
 19772 | Lair:3   | Reached skill level 14 in Stealth
 21179 | Lair:4   | Identified the +11 glaive "Cig Heican" {spect, rCorr}
 21674 | Lair:5   | Entered Level 5 of the Lair of Beasts
 21734 | Lair:5   | Reached XP level 14. HP: 75/75 MP: 32/32
 21768 | Lair:5   | Found a runed translucent door.
 21780 | Lair:5   | Found a staircase to the Slime Pits.
 22369 | Lair:5   | Reached skill level 1 in Necromancy
 22515 | Lair:5   | Reached skill level 15 in Stealth
 24084 | Orc:2    | Noticed Rupert
 24174 | Orc:2    | Killed Rupert
 24268 | Orc:2    | Noticed an orc warlord
 24783 | Orc:2    | Killed an orc warlord
 24784 | Orc:2    | Reached skill level 10 in Fighting
 25546 | Orc:2    | Found Hiphuriw's Distillery.
 25546 | Orc:2    | Found Aklickor's Jewellery Shoppe.
 25546 | Orc:2    | Found Viatelar's Distillery.
 25546 | Orc:2    | Found Dihonoun's Antique Weapon Shop.
 26395 | Orc:1    | Reached XP level 15. HP: 80/80 MP: 23/34
 27811 | Orc:2    | Bought a potion of lignification for 42 gold pieces
 27811 | Orc:2    | Bought a potion of curing for 42 gold pieces
 27811 | Orc:2    | Bought a potion of mutation for 112 gold pieces
 27811 | Orc:2    | Bought a potion of invisibility for 112 gold pieces
 27812 | Orc:2    | Bought a potion of curing for 33 gold pieces
 27812 | Orc:2    | Bought a potion of curing for 33 gold pieces
 27812 | Orc:2    | Bought a potion of curing for 33 gold pieces
 27812 | Orc:2    | Bought a potion of curing for 33 gold pieces
 27812 | Orc:2    | Bought a potion of curing for 33 gold pieces
 28552 | D:13     | Reached skill level 16 in Stealth
 28556 | D:13     | Found a runed translucent door.
 28604 | D:13     | Reached skill level 15 in Spellcasting
 28883 | D:13     | Noticed a tengu reaver
 28889 | D:13     | Killed a tengu reaver
 30077 | D:14     | Found a gate to the Vaults.
 30930 | D:15     | Entered Level 15 of the Dungeon
 31050 | D:15     | Reached skill level 10 in Hexes
 31086 | D:15     | Reached skill level 5 in Armour
 31091 | D:15     | Found a gate leading to a gauntlet.
 31098 | Gauntlet | Entered a Gauntlet
 31098 | Gauntlet | Found a transporter.
 31098 | Gauntlet | Found a transporter.
 31106 | Gauntlet | Found a runed translucent door.
 31110 | Gauntlet | Found a transporter.
 31112 | Gauntlet | Found a transporter.
 31154 | Gauntlet | Found a transporter.
 31158 | Gauntlet | Found a transporter.
 31175 | Gauntlet | Found a transporter.
 31176 | Gauntlet | Found a transporter.
 31198 | Gauntlet | Found a transporter.
 31207 | Gauntlet | Found a transporter.
 31222 | Gauntlet | Found a transporter.
 31226 | Gauntlet | Found a transporter.
 31310 | Gauntlet | Paralysed by a hornet for 1 turns
 31518 | Gauntlet | Identified the amulet "Esirgh" {Acrobat rF- rC- Will+++
                  | Str+6}
 31549 | Gauntlet | Identified the +5 quarterstaff "Nuegato" {flame, *Slow Fly
                  | rElec Will-}
 31549 | Gauntlet | Identified the staff of cold "Elobrel" {rC+ Will+++ Dex-2
                  | SInv Stlth-}
 32244 | D:15     | Reached XP level 16. HP: 41/87 MP: 33/36
 32347 | D:15     | Identified the +7 whip of Utuejaps {vamp, Will+ rCorr}
 34215 | D:15     | Found a staircase to the Depths.
 34571 | Elf:1    | Entered Level 1 of the Elven Halls
 35035 | Elf:1    | Learned a level 6 spell: Iron Shot
 35041 | Elf:1    | Learned a level 5 spell: Agony
 36119 | Elf:1    | Reached skill level 5 in Necromancy
 38080 | Elf:1    | Reached skill level 17 in Stealth
 38597 | Elf:1    | Identified the ring "Boxixt" {Will+ SInv}
 38600 | Elf:1    | Got Wicikiech's Tome of the Retinue
 39119 | Shoals:1 | Entered Level 1 of the Shoals
 39270 | Shoals:1 | Noticed Kirke
 39272 | Shoals:1 | Killed Kirke
 39872 | Shoals:1 | Reached skill level 1 in Conjurations
 42408 | D:10     | Killed spardeous's ghost
 42562 | D:5      | Killed Zeor's ghost
 43142 | Shoals:2 | Found a runed translucent gate.
 43142 | Shoals:2 | Found a runed translucent gate.
 43142 | Shoals:2 | Found a runed translucent gate.
 43142 | Shoals:2 | Noticed Wiggles's ghost (adept MiBe)
 44875 | Shoals:2 | Drowned by a drowned soul

Illustrated notes

Levels and vault maps discovered:
D:1:      dpeg_arrival_pits, layout_loops_corners, minmay_pentomino_o4
D:2:      layout_basic, serial_bayou_pond_d, st_stairs_5
D:3:      minmay_inner_zag, layout_basic, serial_shops, shop_statue
D:4:      layout_loops_ring
D:5:      layout_loops_ring, minmay_temple_entry_large_hall,
          hellmonk_ghost_happy_afterlife, nicolae_concentric_dashed_squares_mild
D:6:      layout_gridville
D:7:      layout_loops_ring
D:8:      layout_loops_ring, kennysheep_mini_moat, erik_lair_dragon,
          gammafunk_ghost_grave
D:9:      layout_basic, minmay_microvault
D:10:     layout_basic, nicolae_trove_entry_diagonal,
          ebering_ghost_disaster_area, uniq_harold
D:11:     layout_basic, portal_ice_cave_rime
D:12:     layout_irregular_city, erik_orc_2
D:13:     layout_gridville, wad_floor_pattern_1, lightli_airlock
D:14:     hellmonk_destroyed_diamonds, layout_long_grid,
          skrybe_vaults_entry_preservation
D:15:     grunt_enter_depths_hoard, layout_basic, gauntlet_entry_generic
Temple:   nicolae_temple_panitentiary
Lair:1:   layout_gridlike, serial_bayou_ford_a, infiniplex_staircase_pool,
          uniq_joseph
Lair:2:   layout_loops_ring, minmay_lair_oklob_items,
          infiniplex_staircase_pool_2, uniq_maggie
Lair:3:   layout_hall_layers, minmay_shoals_entry_centaurs,
          guppyfry_snake_entry_island
Lair:4:   layout_loops_ring
Lair:5:   minmay_lair_end_frog_pond, layout_regular_city, slime_entry_2,
          chequers_serial_rivers_large_b
Shoals:1: layout_shoals, uniq_kirke
Shoals:2: layout_shoals, ebering_ghost_rock_garden,
          nicolae_shoals_isolated_beach
Orc:1:    layout_caves, basic_altar
Orc:2:    st_orc_ogre_mass, layout_caves, uniq_rupert
Elf:1:    layout_loops_corners, minmay_elf_demonology

Skill      XL: |  1  2  3  4  5  6  7  8  9 10 11 12 13 14 15 16 |
---------------+-------------------------------------------------+-----
Hexes          | 4 5 6 8 9 10 11 | 11.8
Dodging        | 3 4 5 7 8 10 11 12 13 14 | 14.7
Spellcasting   | 3 4 5 6 8 9 11 13 14 15 16 | 16.3
Short Blades   | 2 3 4 5 6 8 10 | 10.0
Fighting       | 1 2 3 4 5 6 7 9 10 11 | 11.7
Stealth        | 5 6 7 9 10 12 13 14 15 16 17 | 17.5
Ice Magic      | 2 3 |  3.0
Transmutations | 4 6 8 |  8.0
Earth Magic    | 3 4 5 6 |  6.6
Armour         | 1 3 4 5 6 |  6.5
Necromancy     | 2 4 5 |  5.0
Conjurations   | 2 |  2.0

Action                     |  1- 3 |  4- 6 |  7- 9 | 10-12 | 13-15 | 16-18 || total
---------------------------+-------+-------+-------+-------+-------+-------++-------
  Melee: Dagger            |   140 |   158 |   304 |   657 |  1319 |   622 ||  3200
         Punch             |       |     1 |     9 |    13 |    19 |    14 ||    56
         Long sword        |       |       |       |       |       |   176 ||   176
  Throw: Dart              |       |       |       |       |     1 |       ||     1
   Cast: Ensorcelled Hiber |     5 |    10 |    22 |   107 |   233 |    83 ||   460
         Tukima's Dance    |       |     5 |    26 |    54 |   115 |    24 ||   224
         Confusing Touch   |       |     1 |    16 |    34 |    59 |    29 ||   139
         Petrify           |       |       |       |     1 |     2 |     7 ||    10
         Anguish           |       |       |       |       |     4 |     9 ||    13
         Cause Fear        |       |       |       |       |     2 |     5 ||     7
         Agony             |       |       |       |       |       |    11 ||    11
 Invoke: Shadow Step       |       |       |       |       |       |     2 ||     2
  Evoke: Wand              |       |       |       |     1 |       |     6 ||     7
    Use: Scroll            |     6 |     6 |     2 |    13 |     4 |     8 ||    39
         Potion            |       |     1 |     1 |     6 |     7 |     7 ||    22
   Stab: Sleeping          |    11 |    16 |    22 |   104 |   205 |    64 ||   422
         Confused          |       |     1 |    18 |    38 |    70 |    41 ||   168
         Distracted        |       |       |       |     4 |     9 |     4 ||    17
         Invisible         |       |       |       |    10 |     2 |       ||    12
         Petrifying        |       |       |       |       |     2 |     2 ||     4
         Petrified         |       |       |       |       |       |     1 ||     1
 Armour: Robe              |    12 |    16 |    15 |    44 |       |       ||    87
         Troll leather arm |       |       |       |     7 |       |       ||     7
         Acid dragon scale |       |       |       |       |   142 |    60 ||   202
  Dodge: Dodged            |    97 |   104 |   204 |   562 |  1079 |   460 ||  2506
  Block: Other             |       |       |       |       |       |    69 ||    69
         Reflection        |       |       |       |       |       |    11 ||    11
